 Dungeon Crawl Stone Soup version 0.29.0-13-gc9e81de378 (webtiles) character file.

Game seed: 9505892404350933321

690 sanka the Cleaver (level 7, -6/57 HPs)
             Began as a Minotaur Berserker on Sept 7, 2022.
             Was a Priest of Trog.
             Killed by divine providence
             ... invoked by an orc priest
              (15 damage)
             ... on level 5 of the Dungeon.
             The game lasted 00:04:32 (3710 turns).

sanka the Cleaver (Minotaur Berserker)              Turns: 3710, Time: 00:04:32

Health: -6/57      AC:  7    Str: 27    XL:     7   Next: 36%
Magic:  6/6        EV: 10    Int:  4    God:    Trog [***...]
Gold:   394        SH:  0    Dex: 12    Spells: 6/6 levels left

rFire   . . .      SeeInvis .   a - +0 hand axe
rCold   . . .      Faith    .   (no shield)
rNeg    . . .      Spirit   .   i - +0 scale mail
rPois   .          Reflect  .   (helmet restricted)
rElec   .          Harm     .   (no cloak)
rCorr   .          Rampage  .   x - +0 pair of gloves
Will    .....                   (no boots)
Stlth   ..........              (no amulet)
HPRegen 0.19/turn               (no ring)
MPRegen 0.10/turn               f - +6 ring of strength

@: on berserk cooldown, slowed, very slow
A: horns 2, retaliatory headbutt
a: Renounce Religion, Berserk, Trog's Hand


You were on level 5 of the Dungeon.
You worshipped Trog.
Trog was most pleased with you.
You visited 1 branch of the dungeon, and saw 5 of its levels.
You also visited: Ossuary.

You collected 394 gold pieces.


Innate Abilities, Weirdness & Mutations

You have a pair of horns on your head.
You reflexively headbutt those who attack you in melee.


   Skills:
 - Level 3.6 Fighting
 + Level 10.4 Axes
 - Level 2.4 Armour
 - Level 2.1 Dodging


You had 6 spell levels left.
You didn't know any spells.
Your spell library was empty.

Inventory:

Hand Weapons
 a - a +0 hand axe (weapon)
Armour
 b - a +0 animal skin
 i - a +0 scale mail (worn)
 x - a +0 pair of gloves (worn)
Jewellery
 f - a +6 ring of strength (right hand)
Wands
 o - a wand of flame (24)
 s - a wand of polymorph (3)
Scrolls
 g - a scroll of blinking {unknown}
 h - 7 scrolls of identify {unknown}
 j - 3 scrolls of teleportation {unknown}
 l - a scroll of vulnerability {unknown}
 n - 4 scrolls of enchant weapon {unknown}
 p - a scroll of enchant armour {unknown}
 t - a scroll of magic mapping {unknown}
 v - a scroll of amnesia {unknown}
 w - a scroll of fog {unknown}
Potions
 c - 2 potions of lignification {unknown}
 d - 5 potions of haste {unknown}
 e - a potion of resistance {unknown}
 k - 2 potions of degeneration {unknown}
 m - 2 potions of flight {unknown}
 q - 2 potions of curing {unknown}
 r - a potion of cancellation {unknown}
 u - 2 potions of mutation {unknown}
 z - a potion of brilliance {unknown}

Dungeon Overview and Level Annotations

Branches:
Dungeon (5/15)            Ossuary (visited)
 Temple: D:4-7

Altars:
Uskayaw

Shops:
D:2

( ▒▒...▒............
...▒........>.....
▒▒...▒.............
▒▒.▒▒............. ▒
▒..............
▒..........[...
▒▒............▒
▒...▒.........▒
▒▒...▒..H.......
▒...............
▒▒..............
▒▒▒▒▒▒....o..o.
▒...........▒
▒▒.)....o....▒.
▒▒...▒.▒..o......
▒▒....▒▒▒........▒.
▒▒......▒▒.........▒


You could see an orc priest, an orc wizard and 2 orcs.


Message History

Things that are here:
a +1 flail of holy wrath; a gnoll corpse; an iguana corpse You feel a strong urge to attack something.
You feel sick.
You feel sick.
Things that are here:
a +0 whip; a +0 whip; an orc corpse Unknown command.
You feel your anger nearly subside.
You are no longer berserk.
You are exhausted.
You feel yourself slow down.
You see here a +0 flail.
You feel sick.
You are no longer poisoned.
Things that are here:
a +0 falchion; an orc corpse An orc comes into view.
It is wielding a +0 flail.
An orc and an orc wizard come into view.
The orc wizard is wielding a +0 dagger and carrying a wand of charming (3).
The orc wizard shouts!
The orc shouts!
The orc wizard gestures at you while chanting.
You resist with some effort.
You hear a shout!
An orc priest comes into view. It is wielding a +3 hand axe.
The orc priest shouts!
The orc priest mumbles some strange prayers to Beogh against you.
Beogh smites you!
You die...

Action                   |  1- 3 |  4- 6 |  7- 9 || total
-------------------------+-------+-------+-------++-------
Melee: Hand axe          |    83 |   118 |    16 ||   217
       Headbutt          |    10 |    21 |     1 ||    32
       Punch             |     1 |     2 |       ||     3
Invok: Berserk           |       |     2 |       ||     2
 Stab: Sleeping          |     1 |       |       ||     1
Armor: Animal skin       |     6 |       |       ||     6
       Scale mail        |    15 |    35 |     5 ||    55
Dodge: Dodged            |    41 |    68 |     5 ||   114

Levels and vault maps discovered:
D:1:      ebering_trefoil_3fold, layout_basic,
          hellmonk_ecumenical_altar_heavens_door
D:2:      layout_loops_corners, serial_shops, shop, uniq_robin
D:3:      layout_basic, nicolae_concentric_dashed_squares_mild
D:4:      layout_cave_pools, nicolae_uskayaw_en_pointe,
          nicolae_ossuary_entry_plus
D:5:      layout_cave_pools, minmay_temple_entry_grid, kennysheep_generic_room_6

Notes
Turn   | Place    | Note
-------+----------+-------------------------------------------
     0 | D:1      | sanka the Minotaur Berserker began the quest for the Orb.
     0 | D:1      | Reached XP level 1. HP: 19/19 MP: 0/0
   212 | D:1      | Found a faded altar of an unknown god.
   226 | D:1      | Reached skill level 4 in Axes
   499 | D:1      | Reached XP level 2. HP: 26/26 MP: 1/1
   959 | D:2      | Reached skill level 5 in Axes
  1010 | D:2      | Reached XP level 3. HP: 31/31 MP: 2/2
  1139 | D:2      | Noticed Robin
  1140 | D:2      | Reached ** piety under Trog
  1156 | D:2      | Killed Robin
  1478 | D:2      | Reached skill level 6 in Axes
  1478 | D:2      | Reached XP level 4. HP: 39/39 MP: 3/3
  1554 | D:2      | Found Gethaph's Weapon Shop.
  2637 | D:4      | Reached skill level 7 in Axes
  2637 | D:4      | Reached XP level 5. HP: 25/45 MP: 4/4
  2647 | D:4      | Found a sand-covered staircase.
  2652 | Ossuary  | Entered an ossuary
  2664 | Ossuary  | Reached *** piety under Trog
  2673 | Ossuary  | Reached skill level 8 in Axes
  2678 | Ossuary  | Reached XP level 6. HP: 23/51 MP: 5/5
  3245 | D:4      | Reached skill level 9 in Axes
  3310 | D:4      | Noticed a +0 short sword
  3310 | D:4      | Noticed a +0 dagger
  3310 | D:4      | Noticed a +0 falchion
  3311 | D:4      | Noticed a +0 falchion
  3311 | D:4      | Noticed a +0 dagger
  3311 | D:4      | Noticed a +0 spear
  3312 | D:4      | Noticed a +0 spear
  3314 | D:4      | Noticed a +0 short sword
  3339 | D:4      | Found a hide-covered altar of Uskayaw.
  3606 | D:5      | Entered Level 5 of the Dungeon
  3668 | D:5      | Noticed a water moccasin
  3679 | D:5      | Reached XP level 7. HP: 53/57 MP: 6/6
  3689 | D:5      | Reached skill level 10 in Axes
  3710 | D:5      | Killed from afar by an orc priest

Vanquished Creatures
  A water moccasin (D:5)
  A phantom (D:5)
  An elf zombie (Ossuary)
  A howler monkey (D:4)
  2 human zombies (Ossuary)
  An orc priest (D:5)
  2 iguanas
  3 hound zombies (Ossuary)
  4 mummies (Ossuary)
  Robin (D:2)
  3 gnolls (D:5)
  3 adders
  A white imp (D:5)
  2 adder zombies (Ossuary)
  2 worms
  9 orcs
  5 ball pythons
  2 bats
  7 endoplasms
  3 giant cockroaches
  5 hobgoblins
  5 kobolds
  5 quokkas
  A frilled lizard (D:2)
  17 goblins
  2 goblin zombies (Ossuary)
  2 kobold zombies (Ossuary)
  6 rats
97 creatures vanquished.
